[Event "Titled Tuesday Blitz December 14 2021"]
[White "Nakamura, Hikaru"]
[Black "Moroni, Luca Jr"]
[WhiteFideId "2016192"]
[BlackFideId "865834"]
[WhiteElo "3191"]
[BlackElo "2830"]
[Result "1-0"]
[Round "04"]
[TimeControl "180+1"]
[Date "2021.12.14"]
[WhiteClock "0:01:45"]
[BlackClock "0:00:33"]

1. Nf3 d5 2. d4 Nf6 3. c4 e6 4. Nc3 a6 5. Bg5 dxc4 6. a4 Bb4 7. e3 h6 8. Bxf6 Qxf6 9. Bxc4 b6 10. Qb3 Nc6 11. O-O O-O 12. Bd3 Bd6 13. Rfc1 Bb7 14. Be4 Na5 15. Qc2 Qe7 16. Bxb7 Nxb7 17. Ne4 c5 18. a5 cxd4 19. axb6 dxe3 20. fxe3 f5 21. Nxd6 Nxd6 22. Qc7 Qxc7 23. Rxc7 Rfb8 24. Rc6 Nc8 25. Rxc8+ 1-0


[Site "https://www.chess.com"]

[Event "Titled Tuesday Blitz December 14 2021"]
[White "Neiksans, Arturs"]
[Black "Pichot, Alan"]
[WhiteFideId "11601388"]
[BlackFideId "110973"]
[WhiteElo "2790"]
[BlackElo "2976"]
[Result "0-1"]
[Round "04"]
[TimeControl "180+1"]
[Date "2021.12.14"]
[WhiteClock "0:00:02"]
[BlackClock "0:00:12"]

1. e4 c5 2. Nf3 e6 3. d3 Nc6 4. g3 Nf6 5. Bg2 d5 6. Nbd2 Be7 7. O-O O-O 8. Re1 Qc7 9. e5 Nd7 10. Qe2 b5 11. Nf1 Bb7 12. h4 Rfc8 13. Bf4 a5 14. Ne3 Qd8 15. c4 Nd4 16. Nxd4 cxd4 17. Nxd5 exd5 18. cxd5 Nc5 19. d6 Bxg2 20. Kxg2 Bf8 21. Qf3 Qd7 22. Rac1 Ne6 23. Bd2 b4 24. Qd5 Rab8 25. Rxc8 Rxc8 26. Rc1 Rxc1 27. Bxc1 Qc8 28. Bd2 Qc2 29. Bg5 h6 30. Be7 Bxe7 31. dxe7 Qc8 32. f4 Qe8 33. Qd6 g6 34. h5 Ng7 35. g4 gxh5 36. f5 hxg4 37. Qd8 Kh7 38. f6 Qc6+ 39. Kh2 Qc2+ 40. Kg1 Qd1+ 41. Kf2 Qd2+ 42. Kg3 Qe3+ 43. Kg2 Qe2+ 44. Kg1 g3 0-1


[Site "https://www.chess.com"]

[Event "Titled Tuesday Blitz December 14 2021"]
[White "Potapova, Margarita"]
[Black "Wagner, Dennis"]
[WhiteFideId "14126869"]
[BlackFideId "24650684"]
[WhiteElo "2209"]
[BlackElo "2355"]
[Result "0-1"]
[Round "04"]
[TimeControl "180+1"]
[Date "2021.12.15"]
[WhiteClock "0:00:05"]
[BlackClock "0:00:09"]

1. d4 Nf6 2. c4 e6 3. Nc3 Bb4 4. Qc2 d5 5. cxd5 exd5 6. Bg5 h6 7. Bh4 O-O 8. e3 Be6 9. Bd3 c5 10. dxc5 Nbd7 11. Ne2 Nxc5 12. O-O Rc8 13. Rad1 g5 14. Bg3 Nce4 15. Be5 Ng4 16. Bd4 Qc7 17. g3 Nxc3 18. bxc3 Ne5 19. f4 Nxd3 20. Qxd3 Be7 21. f5 Bd7 22. f6 Bd6 23. e4 dxe4 24. Qxe4 Rfe8 25. Qf3 Bc6 26. Qh5 Rxe2 27. Qxe2 Bxg3 28. Qh5 Kh7 29. Qh3 Bf4 30. Qf5+ Kg8 31. Qh3 Kh7 32. Qf5+ Kg8 33. Qh3 g4 34. Qh5 Bg5 35. Qxg4 Kh7 36. Rde1 Rg8 37. Qf5+ Kh8 38. Kf2 Bh4+ 39. Ke2 Qxh2+ 40. Kd1 Ba4+ 41. Kc1 Bg5+ 42. Kb1 Bc6 43. Qd3 Qd6 44. Qc2 Bd5 45. Qb2 Qc6 46. Ka1 Be4 47. Rd1 Bg6 48. Rde1 Kh7 49. Rg1 Rd8 50. Rh1 Rd5 51. Reg1 Rb5 52. Qg2 Qxg2 53. Rxg2 Be4 54. Rgh2 Bxh1 55. Rxh1 Kg6 56. Re1 Bxf6 57. Rg1+ Bg5 58. c4 Rb4 59. Bxa7 Rxc4 60. Kb2 Rb4+ 61. Kc3 Ra4 62. Bd4 Rxa2 63. Rb1 Ra3+ 64. Kc4 Ra4+ 65. Kd5 Ra5+ 66. Ke4 Ra4 67. Rb6+ Kh5 68. Kd3 Kg4 69. Rxb7 f5 70. Rf7 f4 71. Bc5 f3 72. Rf8 Ra6 73. Bd4 Rd6 74. Kc3 Rd7 75. Kc4 Kg3 76. Rg8 Kg2 77. Rf8 Rxd4+ 78. Kxd4 f2 79. Ke4 h5 80. Kf5 f1=Q+ 81. Kxg5 Qxf8 82. Kh4 Qg7 83. Kxh5 Qg3 84. Kh6 Kf3 85. Kh7 Kf4 86. Kh8 Kf5 87. Kh7 Kf6 88. Kh8 Qg7# 0-1


[Site "https://www.chess.com"]

[Event "Titled Tuesday Blitz December 14 2021"]
[White "Rakhmanov, Aleksandr"]
[Black "Artemiev, Vladislav"]
[WhiteFideId "4173708"]
[BlackFideId "24101605"]
[WhiteElo "2500"]
[BlackElo "2830"]
[Result "0-1"]
[Round "04"]
[TimeControl "180+1"]
[Date "2021.12.14"]
[WhiteClock "0:00:11"]
[BlackClock "0:00:03"]

1. d4 Nf6 2. c4 g6 3. Nc3 d5 4. Nf3 Bg7 5. cxd5 Nxd5 6. Qa4+ Bd7 7. Qa3 Bc6 8. e3 Nd7 9. Be2 O-O 10. O-O e5 11. Rd1 Re8 12. dxe5 Nxc3 13. bxc3 Qc8 14. Nd4 Nxe5 15. Nxc6 Nxc6 16. Qb3 Na5 17. Qb4 b6 18. Bb2 Qe6 19. h3 Rad8 20. Qa4 c6 21. Bf1 h5 22. Be2 Bf6 23. Bf1 Bg7 24. Be2 Qe7 25. Bf1 Rxd1 26. Rxd1 Rd8 27. Rxd8+ Qxd8 28. Qc2 Qd6 29. Bc1 Qc5 30. Bd2 Nc4 31. Be1 Nd6 32. Qd3 b5 33. Be2 Be5 34. Bf3 Kg7 35. g3 a5 36. Kg2 a4 37. h4 Bf6 38. Be2 Nc4 39. Bf3 Ne5 40. Qd4 Qe7 41. Qe4 Qe6 42. Qc2 Nxf3 43. Kxf3 Qc4 44. Qe2 Qg4+ 45. Kg2 Qxe2 0-1


[Site "https://www.chess.com"]

[Event "Titled Tuesday Blitz December 14 2021"]
[White "Rasulov, Vugar"]
[Black "Piesik, Piotr"]
[WhiteFideId "13402390"]
[BlackFideId "1136194"]
[WhiteElo "2560"]
[BlackElo "2336"]
[Result "1-0"]
[Round "04"]
[TimeControl "180+1"]
[Date "2021.12.14"]
[WhiteClock "0:01:59"]
[BlackClock "0:01:46"]

1. d4 c5 2. d5 e5 3. Nc3 d6 4. g3 Be7 5. Bg2 Bg5 6. e3 a6 7. a4 f5 8. Nf3 Bf6 9. e4 Ne7 10. O-O O-O 11. a5 Nd7 12. Bd2 h6 13. Na4 g5 14. c4 Rf7 15. b4 Qc7 16. Qb3 fxe4 17. Ne1 Nf5 18. Bxe4 Nd4 19. Qd3 cxb4 20. Bxb4 Nc5 21. Bxc5 dxc5 22. Nb6 Rb8 23. Nxc8 Rxc8 24. d6 Qxd6 25. Bd5 Ne6 26. Qg6+ Kf8 27. Rd1 Ke7 28. Nc2 Qc7 29. Ne3 1-0


[Site "https://www.chess.com"]

[Event "Titled Tuesday Blitz December 14 2021"]
[White "Romanchuk, Viktor"]
[Black "Durarbayli, Vasif"]
[WhiteFideId "14109271"]
[BlackFideId "13402935"]
[WhiteElo "2242"]
[BlackElo "2599"]
[Result "0-1"]
[Round "04"]
[TimeControl "180+1"]
[Date "2021.12.15"]
[WhiteClock "0:00:01"]
[BlackClock "0:00:09"]

1. d4 Nf6 2. c4 e6 3. Nc3 Bb4 4. e3 O-O 5. Ne2 b6 6. a3 Bxc3+ 7. Nxc3 Bb7 8. Bd3 d6 9. O-O Nbd7 10. b4 a5 11. Bb2 e5 12. dxe5 Nxe5 13. Be2 axb4 14. axb4 Rxa1 15. Bxa1 Qd7 16. c5 bxc5 17. bxc5 Qc6 18. Bf3 Nxf3+ 19. Qxf3 Qxf3 20. gxf3 Bxf3 21. cxd6 cxd6 22. h3 Rb8 23. Rb1 Rxb1+ 24. Nxb1 Nd7 25. Nc3 Bc6 26. Ne2 Nc5 27. Nd4 Bd7 28. Kg2 f6 29. Bb2 Kf7 30. Bc3 Ke7 31. Bb4 g6 32. Bc3 Bc8 33. f3 Bb7 34. Kg3 Nd3 35. Nb5 g5 36. Nd4 Bc8 37. h4 Nc5 38. Nc6+ Kf7 39. Nd8+ Kg6 40. Nc6 Bb7 41. Ne7+ Kf7 42. Nf5 Ke6 43. Ng7+ Kf7 44. Nf5 d5 45. Bd4 Ke6 46. Ng7+ Kf7 47. Nf5 gxh4+ 48. Kxh4 Ke6 49. Ng7+ Kd6 50. Bxf6 Bc8 51. Bd4 Nd3 52. Nh5 Ne1 53. Kg3 Nc2 54. Ba7 Bf5 55. Nf4 Nb4 56. Ne2 Nc6 57. Bb6 Bd3 58. Nd4 Ne5 59. Ba7 Nc4 60. Bb8+ Kd7 61. Nb3 Bb1 62. Ba7 Ba2 63. Nc5+ Kc6 64. Ne6 Bb1 65. Nf4 Kb7 66. Bd4 Kc6 67. Nh5 Nd6 68. Nf4 Nf5+ 69. Kg4 Kd6 0-1


[Site "https://www.chess.com"]

[Event "Titled Tuesday Blitz December 14 2021"]
[White "Rustemov, Alexander"]
[Black "Petrovskyi, Vadym"]
[WhiteFideId "4119002"]
[BlackFideId "14165210"]
[WhiteElo "2870"]
[BlackElo "2377"]
[Result "0-1"]
[Round "04"]
[TimeControl "180+1"]
[Date "2021.12.14"]
[WhiteClock "0:00:08"]
[BlackClock "0:00:05"]

1. d4 Nf6 2. c4 e6 3. Nf3 d5 4. Nc3 Be7 5. Bg5 O-O 6. e3 Nbd7 7. Qc2 c5 8. cxd5 Nxd5 9. Bxe7 Nxe7 10. Bb5 Nc6 11. Bxc6 bxc6 12. O-O cxd4 13. Nxd4 Bb7 14. f3 c5 15. Nb3 Qg5 16. e4 Rfd8 17. Rfd1 Ne5 18. Kh1 Nc4 19. Qf2 Ne3 20. Re1 Nc4 21. Rad1 Rxd1 22. Rxd1 Rc8 23. h4 Qe7 24. Kg1 h6 25. Rc1 Ne5 26. Rd1 Nc4 27. g3 h5 28. Kg2 g6 29. Nc1 f5 30. exf5 gxf5 31. Nd3 e5 32. Re1 e4 33. Kh2 e3 34. Qe2 Rd8 35. b3 Ne5 36. Nxe5 Rd2 37. f4 Ba8 38. Kh3 Rxe2 39. Rxe2 Qb7 40. Rh2 Qb4 41. Ne2 Qe1 42. g4 Qf1+ 43. Kg3 hxg4 44. h5 Bf3 45. h6 Kh7 46. Nf7 Bxe2 47. Ng5+ Kg6 48. h7 Qe1+ 49. Kg2 Bf1+ 50. Kg1 Bh3# 0-1


[Site "https://www.chess.com"]

[Event "Titled Tuesday Blitz December 14 2021"]
[White "Sarana, Alexey"]
[Black "Vlassov, Nikolai"]
[WhiteFideId "24133795"]
[BlackFideId "4103360"]
[WhiteElo "2672"]
[BlackElo "2407"]
[Result "1-0"]
[Round "04"]
[TimeControl "180+1"]
[Date "2021.12.14"]
[WhiteClock "0:00:06"]
[BlackClock "0:00:07"]

1. d4 e6 2. c4 Nf6 3. Nc3 Bb4 4. e3 Bxc3+ 5. bxc3 O-O 6. Bd3 b6 7. e4 Ne8 8. e5 f5 9. exf6 Nxf6 10. Bg5 Bb7 11. Nf3 Qe8 12. Nh4 Nc6 13. O-O Qh5 14. Qxh5 Nxh5 15. g3 Na5 16. c5 Nf6 17. Ng2 Nd5 18. Bd2 Nc6 19. Rab1 Nce7 20. c4 Nf6 21. f3 Bc6 22. Bb4 Rfe8 23. Ne3 g6 24. Bc3 Rf8 25. Bb4 Rf7 26. Ba3 Nf5 27. Nc2 Ba4 28. Bxf5 gxf5 29. Ne3 f4 30. gxf4 Nh5 31. f5 exf5 32. Kf2 Nf4 33. Rg1+ Rg7 34. Rxg7+ Kxg7 35. d5 Nd3+ 36. Ke2 Nxc5 37. Bxc5 bxc5 38. Rb7 Kf6 39. Rxc7 d6 40. Rxh7 f4 41. Ng4+ Kg5 42. h4+ Kf5 43. Rh6 Rf8 44. Re6 Bc2 45. Nh6# 1-0


[Site "https://www.chess.com"]

[Event "Titled Tuesday Blitz December 14 2021"]
[White "Sargissyan, Sargis"]
[Black "Shipov, Sergei"]
[WhiteFideId "13303210"]
[BlackFideId "4113624"]
[WhiteElo "2174"]
[BlackElo "2743"]
[Result "1/2-1/2"]
[Round "04"]
[TimeControl "180+1"]
[Date "2021.12.14"]
[WhiteClock "0:00:04"]
[BlackClock "0:00:12"]

1. e4 e6 2. d4 d5 3. Nc3 h6 4. Bd3 Nc6 5. Nf3 Nb4 6. Be2 Nf6 7. e5 Ne4 8. a3 Nc6 9. Bd3 Nxc3 10. bxc3 Be7 11. h4 Na5 12. h5 c5 13. Rh3 Bd7 14. Rg3 Bf8 15. dxc5 Qc7 16. Be3 O-O-O 17. Kf1 Bc6 18. Bd4 Nc4 19. Qe2 Qa5 20. Nd2 Nxd2+ 21. Qxd2 Bxc5 22. Qe3 Bxd4 23. cxd4 Qc3 24. Ra2 Rdg8 25. Be2 Qxe3 26. Rxe3 Kd7 27. Rg3 f6 28. f4 Ke7 29. Ra1 fxe5 30. fxe5 Rf8+ 31. Rf3 Rxf3+ 32. Bxf3 Rf8 33. Kf2 Be8 34. Ke3 Rf5 35. g4 Rf8 36. Rb1 b6 37. Rb3 Ba4 38. Rc3 Kd7 39. Be2 Rc8 40. Rxc8 Kxc8 41. Bd3 Kd7 42. Kf4 Kc6 43. Bg6 Kc7 44. Ke3 a5 45. Kd2 Kd7 46. c3 Ke7 47. Ke3 Bd7 48. Kf4 Be8 49. Bd3 Kd8 50. Bc2 Kc7 51. Bd3 Kc6 52. Ke3 Kb7 53. Kf4 Kc7 54. Ke3 Kd8 55. Kf4 Ke7 56. Ke3 Ba4 57. Kf4 Bb3 58. Ke3 Kd7 59. Kf4 Bc4 60. Bg6 Ke7 61. Ke3 Bb5 62. Kf4 Be8 63. Bd3 Ba4 64. Bg6 Bd1 65. Bd3 Kd7 66. Bb5+ Kc7 67. Bd3 Kc6 68. Kg3 b5 69. Kf4 Kb6 70. Bg6 Kc7 71. Bf7 Kd7 72. Bg6 Kc7 73. Bd3 Kb6 74. Bg6 Kc7 1/2-1/2


[Site "https://www.chess.com"]

[Event "Titled Tuesday Blitz December 14 2021"]
[White "Seliverstov, Vladimir"]
[Black "Chigaev, Maksim"]
[WhiteFideId "4192036"]
[BlackFideId "4108116"]
[WhiteElo "2811"]
[BlackElo "3033"]
[Result "1/2-1/2"]
[Round "04"]
[TimeControl "180+1"]
[Date "2021.12.14"]
[WhiteClock "0:00:36"]
[BlackClock "0:00:37"]

1. c4 e6 2. g3 d5 3. Bg2 Nf6 4. Nf3 Be7 5. O-O O-O 6. b3 b6 7. Bb2 Bb7 8. Nc3 c5 9. cxd5 Nxd5 10. Rc1 Nd7 11. d4 Rc8 12. dxc5 Nxc5 13. Ne5 Nxc3 14. Bxc3 Bxg2 15. Kxg2 Bf6 16. Qxd8 Rfxd8 17. Nf3 Bxc3 18. Rxc3 Ne4 19. Rxc8 Rxc8 20. Rd1 Nf6 21. Ne5 Kf8 22. Nd7+ Ke7 23. Nxf6 Kxf6 24. Rd7 Rc2 25. Rxa7 Rxe2 26. Ra6 b5 27. Kf3 Rb2 28. Ke3 g5 29. g4 Kg6 30. h3 h5 31. Ra5 h4 32. Kf3 b4 33. Ra4 Rc2 34. Rxb4 Rxa2 35. Rb8 Rb2 36. Rb7 Kf6 37. Kg2 Kg7 38. Kf3 Kg6 39. Rb6 Kf6 40. Rb7 1/2-1/2


[Site "https://www.chess.com"]

[Event "Titled Tuesday Blitz December 14 2021"]
[White "Shimelkov, Vasiliy"]
[Black "Holt, Conrad"]
[WhiteFideId "13701630"]
[BlackFideId "2034387"]
[WhiteElo "2073"]
[BlackElo "2586"]
[Result "0-1"]
[Round "04"]
[TimeControl "180+1"]
[Date "2021.12.14"]
[WhiteClock "0:00:01"]
[BlackClock "0:00:19"]

1. d4 d5 2. Nf3 Nf6 3. c4 c6 4. Nc3 dxc4 5. a4 Bf5 6. e3 e6 7. Bxc4 Bb4 8. O-O O-O 9. Qe2 Ne4 10. Nxe4 Bxe4 11. Ne5 Nd7 12. Rd1 Nxe5 13. dxe5 Qa5 14. f3 Bg6 15. f4 Rad8 16. Rd4 Qc5 17. Qd1 Rxd4 18. Qxd4 Qa5 19. Qd7 Rd8 20. Qxb7 Rd1+ 21. Kf2 Bf8 22. b4 Qd8 23. Qxc6 Rxc1 24. Rxc1 Qd2+ 25. Be2 Bd3 26. Re1 Bxb4 27. Qc8+ Bf8 28. Qc1 Qa2 29. Kf1 Bxe2+ 30. Rxe2 Qxa4 31. Qc2 Qb5 32. Qb2 Qd3 33. Qd2 Qb5 34. Kf2 a5 35. Qb2 Bb4 36. Qc2 Qd7 37. Qc4 g6 38. Qa6 a4 39. Rc2 Kg7 40. Qc4 Bf8 41. Qe4 a3 42. Qf3 Qa4 43. Rd2 a2 44. Rxa2 Qxa2+ 0-1


[Site "https://www.chess.com"]

[Event "Titled Tuesday Blitz December 14 2021"]
[White "Shkapenko, Pavel"]
[Black "Perske, Thore"]
[WhiteFideId "4151933"]
[BlackFideId "12902195"]
[WhiteElo "2386"]
[BlackElo "2315"]
[Result "1-0"]
[Round "04"]
[TimeControl "180+1"]
[Date "2021.12.15"]
[WhiteClock "0:00:11"]
[BlackClock "0:00:13"]

1. e4 e6 2. d4 d5 3. exd5 exd5 4. Nf3 Bg4 5. h3 Bh5 6. Qe2+ Qe7 7. Be3 Nc6 8. Nc3 O-O-O 9. g4 Bg6 10. O-O-O Nf6 11. Ne5 Qe6 12. f4 Be4 13. Rg1 Bb4 14. g5 Bxc3 15. gxf6 gxf6 16. Nxc6 Qxc6 17. bxc3 Qxc3 18. Rd3 Bxd3 19. Qxd3 Qa1+ 20. Kd2 Qxa2 21. Be2 Qa5+ 22. Qc3 Qxc3+ 23. Kxc3 Rhg8 24. Rg4 Rxg4 25. hxg4 c6 26. Bd3 h6 27. Bf2 Kd7 28. Bf5+ Ke7 29. Bh4 Rg8 30. Kb4 b6 31. Kb3 a5 32. Ka4 Ra8 33. c3 Rg8 34. Kb3 b5 35. Ka3 Rb8 36. Kb3 b4 37. Be1 Kd6 38. cxb4 axb4 39. Bxb4+ Kc7 40. Kc3 Ra8 41. Be7 Ra1 42. Bxf6 Rc1+ 43. Kd2 Rf1 44. Bg7 Kb6 45. Ke3 c5 46. dxc5+ Kxc5 47. Bd3 Rg1 48. Bf8+ Kc6 49. Be2 Rg3+ 50. Bf3 Rh3 51. Kf2 Rh2+ 52. Bg2 Kd7 53. Kg3 Rxg2+ 54. Kxg2 Ke6 55. Kf3 f5 56. Bxh6 fxg4+ 57. Kxg4 d4 58. Bg7 d3 59. Bc3 Kd5 60. Kf3 Ke6 61. Ke3 Kf5 62. Bd2 Kg6 63. Kxd3 Kf7 64. Ke4 Kg8 65. f5 Kf7 66. Ke5 Kg8 67. f6 Kf7 68. Kf5 Kg8 69. Ke6 Kh7 70. f7 Kg7 71. Ke7 Kg6 72. f8=Q Kh7 73. Qf6 Kg8 74. Qf7+ Kh8 75. Bc3# 1-0


[Site "https://www.chess.com"]

[Event "Titled Tuesday Blitz December 14 2021"]
[White "Shubin, Kirill"]
[Black "Karttunen, Mika"]
[WhiteFideId "34119962"]
[BlackFideId "502081"]
[WhiteElo "2501"]
[BlackElo "2343"]
[Result "1-0"]
[Round "04"]
[TimeControl "180+1"]
[Date "2021.12.14"]
[WhiteClock "0:00:03"]
[BlackClock "0:00:02"]

1. e4 c5 2. Nf3 a6 3. g3 Nc6 4. Bg2 g6 5. O-O Bg7 6. c3 e5 7. d3 Nge7 8. Be3 d6 9. h3 O-O 10. d4 b6 11. dxe5 dxe5 12. Qc2 Qc7 13. a4 Na5 14. Nbd2 Be6 15. Rac1 c4 16. Ng5 Bd7 17. f4 h6 18. Ngf3 f6 19. Ra1 Kh7 20. fxe5 fxe5 21. b4 cxb3 22. Nxb3 Nc4 23. Bf2 Bxh3 24. Ng5+ hxg5 25. Bxh3 Rad8 26. Qe2 Ng8 27. Be6 Nd6 28. Kg2 Nh6 29. c4 Rf6 30. Bd5 Rdf8 31. Be3 Rxf1 32. Rxf1 Rxf1 33. Qxf1 Qd8 34. Qg1 b5 35. cxb5 axb5 36. a5 Nc4 37. a6 Ng4 38. Bc5 Bf8 39. a7 Bxc5 40. Qxc5 Nce3+ 41. Kg1 Qf6 42. Bg8+ Kh6 43. Qxe3 Nxe3 44. Nd2 Qd8 45. Nf3 1-0


[Site "https://www.chess.com"]

[Event "Titled Tuesday Blitz December 14 2021"]
[White "Sipila, Vilka"]
[Black "Nesterov, Arseniy"]
[WhiteFideId "505455"]
[BlackFideId "24198455"]
[WhiteElo "2750"]
[BlackElo "2909"]
[Result "1/2-1/2"]
[Round "04"]
[TimeControl "180+1"]
[Date "2021.12.14"]
[WhiteClock "0:00:33"]
[BlackClock "0:00:05"]

1. d4 d5 2. c4 e6 3. Nc3 Nf6 4. cxd5 exd5 5. Bg5 Be7 6. e3 h6 7. Bh4 O-O 8. Bd3 c6 9. Nge2 Re8 10. O-O a5 11. Qc2 Na6 12. a3 Nc7 13. Rae1 Ne6 14. f3 b6 15. Kh1 c5 16. Bb5 Bd7 17. Qa4 Bxb5 18. Qxb5 Rb8 19. Rd1 Nc7 20. Qc6 Qd6 21. Qxd6 Bxd6 22. Bxf6 gxf6 23. e4 c4 24. Ng3 Bxg3 25. hxg3 b5 26. Rfe1 b4 27. axb4 axb4 28. Nxd5 Nxd5 29. exd5 Red8 30. Rc1 Rbc8 31. Re7 Rxd5 32. Rb7 Rxd4 33. Rxb4 Rd2 34. Rc3 Re8 35. Rcxc4 Re1+ 36. Kh2 Ree2 37. Kh3 Rxg2 38. Kg4 Rxb2 39. Rxb2 Rxb2 40. Kf5 Rb3 41. Rg4+ Kf8 42. f4 Ke7 43. Rg7 Rb5+ 44. Kg4 Kf8 45. Rh7 Kg8 46. Rxh6 Kg7 47. Rh5 Rb3 48. Ra5 Rc3 49. Rb5 Ra3 50. Rc5 Rb3 51. Ra5 Rc3 52. Rb5 Ra3 53. Rc5 Rb3 54. Rd5 Rc3 55. Rb5 1/2-1/2


[Site "https://www.chess.com"]

[Event "Titled Tuesday Blitz December 14 2021"]
[White "Skatchkov, Valery"]
[Black "Makarian, Rudik"]
[WhiteFideId "24195812"]
[BlackFideId "44105681"]
[WhiteElo "2195"]
[BlackElo "2486"]
[Result "0-1"]
[Round "04"]
[TimeControl "180+1"]
[Date "2021.12.14"]
[WhiteClock "0:00:04"]
[BlackClock "0:00:56"]

1. d4 Nf6 2. Nf3 c5 3. d5 b5 4. g3 g6 5. Bg2 Bg7 6. O-O O-O 7. Re1 d6 8. e4 Bg4 9. a4 b4 10. h3 Bxf3 11. Qxf3 Nfd7 12. Qe2 a5 13. Nd2 Nb6 14. h4 N8d7 15. h5 c4 16. hxg6 fxg6 17. Nxc4 Nxc4 18. Qxc4 Rc8 19. Qe2 Bd4 20. Rf1 Ne5 21. c3 bxc3 22. bxc3 Rxc3 23. Bb2 Rxg3 24. Bxd4 Nf3+ 25. Kh1 Nxd4 26. Qd1 Rxg2 27. Kxg2 e5 28. Ra3 Rf4 29. Rg3 Rxe4 30. Qd3 Rf4 31. Rb1 Nf5 32. Rf3 Nh4+ 33. Kf1 Nxf3 34. Qa6 0-1


[Site "https://www.chess.com"]

[Event "Titled Tuesday Blitz December 14 2021"]
[White "Suarez Uriel, Adrian"]
[Black "Samadov, Read"]
[WhiteFideId "22230874"]
[BlackFideId "13417444"]
[WhiteElo "2316"]
[BlackElo "2084"]
[Result "0-1"]
[Round "04"]
[TimeControl "180+1"]
[Date "2021.12.15"]
[WhiteClock "0:00:02"]
[BlackClock "0:00:12"]

1. e4 c5 2. Ne2 d6 3. g3 Nf6 4. Bg2 Nc6 5. c3 g6 6. d4 cxd4 7. cxd4 Bg7 8. Nbc3 O-O 9. O-O Rb8 10. h3 h5 11. Be3 a6 12. Rc1 Bd7 13. f4 e6 14. e5 Ne8 15. Ne4 Ne7 16. N2c3 Bc6 17. Bf2 b5 18. a3 Bb7 19. Qd2 Nd5 20. Nxd5 Bxd5 21. Rc3 b4 22. axb4 Rxb4 23. Rfc1 dxe5 24. dxe5 Qa5 25. Rc5 Qa4 26. Nc3 Qb3 27. Nxd5 exd5 28. Bxd5 Qxb2 29. Qxb2 Rxb2 30. Rc8 Rd2 31. Bc6 Nf6 32. Rxf8+ Kxf8 33. exf6 Bxf6 34. Bb7 a5 35. Rc7 a4 36. Bc6 Rc2 37. Rc8+ Kg7 38. g4 hxg4 39. hxg4 a3 40. g5 Bb2 41. Ra8 Rxc6 42. Kg2 Rc2 43. Kf3 Rc3+ 44. Ke4 Rc4+ 45. Kf3 Bc1 46. Bd4+ Rxd4 0-1


[Site "https://www.chess.com"]

[Event "Titled Tuesday Blitz December 14 2021"]
[White "Sviridov, Valery"]
[Black "Grigorjev, Iljya"]
[WhiteFideId "4120680"]
[BlackFideId "24159565"]
[WhiteElo "2985"]
[BlackElo "2808"]
[Result "1-0"]
[Round "04"]
[TimeControl "180+1"]
[Date "2021.12.14"]
[WhiteClock "0:01:24"]
[BlackClock "0:01:05"]

1. Nf3 Nf6 2. g3 g6 3. Bg2 Bg7 4. O-O O-O 5. c4 c6 6. Nc3 d5 7. cxd5 cxd5 8. d4 Ne4 9. Ng5 Nxc3 10. bxc3 h6 11. Nh3 Nc6 12. Nf4 e6 13. e4 dxe4 14. Bxe4 Rb8 15. Re1 Qa5 16. Bd2 Rd8 17. Nd3 Bd7 18. h4 Be8 19. Qc1 h5 20. Bg5 Rdc8 21. Qd2 Qa3 22. Rab1 Na5 23. Bf4 Ra8 24. Nc5 Bc6 25. Bd3 b6 26. Nxe6 fxe6 27. Rxe6 Be8 28. Bxg6 Bxg6 29. Rxg6 Qxc3 30. Qxc3 Rxc3 31. Be5 Kf7 32. Rxg7+ Ke6 33. Rg5 Rc2 34. Ra1 Rf8 35. Bf4 Rf5 36. Re1+ 1-0


[Site "https://www.chess.com"]

[Event "Titled Tuesday Blitz December 14 2021"]
[White "Sychev, Klementy"]
[Black "Stanojevic, Ilija"]
[WhiteFideId "4114060"]
[BlackFideId "959995"]
[WhiteElo "2615"]
[BlackElo "2154"]
[Result "0-1"]
[Round "04"]
[TimeControl "180+1"]
[Date "2021.12.14"]
[WhiteClock "0:00:02"]
[BlackClock "0:00:50"]

1. e4 e6 2. Qe2 c5 3. Nf3 Nc6 4. g3 g6 5. Bg2 Bg7 6. c3 e5 7. O-O d6 8. a3 Nf6 9. b4 O-O 10. d3 Be6 11. Rd1 a6 12. Bb2 b5 13. Nbd2 Nd7 14. Qe3 Nb6 15. Rac1 a5 16. bxc5 Na4 17. Ba1 dxc5 18. Bf1 Qd7 19. Ng5 Bh6 20. f4 Bg4 21. Re1 f6 22. h3 exf4 23. gxf4 fxg5 24. fxg5 Bg7 25. hxg4 Qxg4+ 26. Bg2 Rad8 27. Nf3 Ne5 28. Nh2 Qh4 29. Rcd1 Nxd3 30. Rf1 c4 31. Nf3 Qg3 32. Rd2 Be5 33. Re2 Bf4 34. Qa7 Ne5 35. Qe7 Nxf3+ 36. Rxf3 Rd1+ 37. Rf1 Be3+ 38. Rxe3 Rdxf1# 0-1


[Site "https://www.chess.com"]

[Event "Titled Tuesday Blitz December 14 2021"]
[White "Terry, Renato"]
[Black "Kilpatrick, Callum"]
[WhiteFideId "3803457"]
[BlackFideId "414425"]
[WhiteElo "2577"]
[BlackElo "2581"]
[Result "1-0"]
[Round "04"]
[TimeControl "180+1"]
[Date "2021.12.15"]
[WhiteClock "0:00:37"]
[BlackClock "0:00:06"]

1. e4 e5 2. Nf3 Nc6 3. c3 Nf6 4. d4 Nxe4 5. d5 Ne7 6. Nxe5 Ng6 7. Nxg6 hxg6 8. Bd3 Nc5 9. O-O Nxd3 10. Qxd3 Be7 11. Re1 O-O 12. Qe3 Bf6 13. d6 cxd6 14. Nd2 d5 15. Nf3 d6 16. Qd3 Be6 17. Be3 Re8 18. Nd4 Bxd4 19. Bxd4 Bf5 20. Qd2 Re4 21. f3 Rxe1+ 22. Rxe1 Qd7 23. Qe3 b6 24. g4 Be6 25. Qg5 Qd8 26. Qf4 Qh4 27. Re2 Re8 28. Qxd6 Qg5 29. Kg2 Rd8 30. Qc7 Rc8 31. Qxa7 Bxg4 32. fxg4 Qxg4+ 33. Kf1 Qf3+ 34. Ke1 g5 35. Qd7 Ra8 36. Re8+ Rxe8+ 37. Qxe8+ Kh7 38. Qe2 Qf5 39. Kd2 g4 40. Qd3 Kg6 41. Bxb6 Kg5 42. Qxf5+ Kxf5 43. a4 Ke4 44. a5 1-0


[Site "https://www.chess.com"]

[Event "Titled Tuesday Blitz December 14 2021"]
[White "Tsydypov, Zhamsaran"]
[Black "Mitrabha, Guha"]
[WhiteFideId "4108566"]
[BlackFideId "5057000"]
[WhiteElo "2942"]
[BlackElo "2774"]
[Result "1-0"]
[Round "04"]
[TimeControl "180+1"]
[Date "2021.12.14"]
[WhiteClock "0:02:05"]
[BlackClock "0:00:55"]

1. Nf3 Nf6 2. c4 c5 3. b3 Nc6 4. Bb2 g6 5. g3 Bg7 6. Bg2 O-O 7. O-O b6 8. d4 cxd4 9. Nxd4 Bb7 10. Nc3 Qb8 11. Nc2 Rd8 12. e4 e6 13. Ne3 Ne7 14. Ba3 d6 15. Rc1 a6 16. Qe2 b5 17. e5 Bxg2 18. Nxg2 Ne8 19. exd6 Nxd6 20. cxb5 Bxc3 21. Rxc3 Nxb5 22. Bxe7 Nxc3 23. Qf3 Rc8 24. Ne3 Qe5 25. Ng4 Qf5 26. Nh6+ 1-0


[Site "https://www.chess.com"]

[Event "Titled Tuesday Blitz December 14 2021"]
[White "Urazayev, Arystanbek"]
[Black "Baskin, Robert"]
[WhiteFideId "13709810"]
[BlackFideId "24662402"]
[WhiteElo "2321"]
[BlackElo "2488"]
[Result "0-1"]
[Round "04"]
[TimeControl "180+1"]
[Date "2021.12.15"]
[WhiteClock "0:00:47"]
[BlackClock "0:00:10"]

1. d4 e6 2. c4 b6 3. e4 Bb7 4. Nc3 Bb4 5. Bd3 f5 6. Qh5+ g6 7. Qe2 Nf6 8. Bg5 fxe4 9. Bxe4 Bxe4 10. Bxf6 Qxf6 11. Qxe4 Bxc3+ 12. bxc3 Nc6 13. Nf3 O-O 14. O-O Qf5 15. Qe2 Rf7 16. Rfe1 Raf8 17. Rad1 h6 18. Rd2 g5 19. d5 exd5 20. cxd5 Re7 21. Qd1 Rxe1+ 22. Qxe1 Na5 23. h3 Nc4 24. Rd4 Nd6 25. Qe5 Qxe5 26. Nxe5 Re8 27. f4 gxf4 28. Nxd7 Re1+ 29. Kh2 f3 30. gxf3 Re2+ 31. Kg1 Rxa2 32. f4 a5 33. f5 Nxf5 34. Rc4 Ne3 35. Rxc7 Nxd5 36. Rb7 Nxc3 37. Nxb6 a4 38. Ra7 a3 39. Na4 Nb5 40. Ra8+ Kg7 41. Nc5 Rc2 42. Nb3 Rb2 43. Nd4 a2 44. Nxb5 Rb1+ 45. Kg2 a1=Q 46. Rxa1 Rxa1 47. Nd4 Kf6 48. Nf3 Kf5 49. Nd4+ Ke4 50. Ne6 Ra3 51. Ng7 Rc3 52. Nh5 Kf5 53. Ng3+ Ke5 54. Ne2 Ra3 55. Ng3 Kf4 56. Ne2+ Kg5 57. Ng3 h5 58. Ne4+ Kf4 59. Nf6 h4 60. Nd5+ Ke4 61. Nf6+ Kf5 62. Nd5 Ke5 63. Ne7 Ke4 64. Ng6 Rg3+ 65. Kf2 Rxg6 66. Ke2 Rg3 67. Kf2 Rxh3 68. Kg2 Rg3+ 69. Kh2 Kf3 70. Kh1 Rg6 71. Kh2 Kg4 72. Kg2 Rb6 73. Kh2 Rb2+ 74. Kg1 Kg3 75. Kf1 h3 76. Kg1 Rb1# 0-1


[Site "https://www.chess.com"]